 Dungeon Crawl Stone Soup version 0.21-a0-13-g3fd62ac (webtiles) character file.

224 miragecloak the Insei (level 6, -1/38 HPs)
             Began as an Octopode Transmuter on May 22, 2017.
             Slain by a kobold (3 damage)
             ... on level 3 of the Dungeon on May 23, 2017.
             The game lasted 00:03:57 (3690 turns).

miragecloak the Insei (Octopode Transmuter)         Turns: 3690, Time: 00:03:57

Health: -1/38      AC:  2    Str:  9    XL:     6   Next: 0%
Magic:  3/9        EV: 20    Int: 15    God:
Gold:   82         SH:  3    Dex: 20    Spells: 5/9 levels left

rFire    . . .     SeeInvis .     - Unarmed
rCold    . . .     Gourm    .   (shield currently unavailable)
rNeg     . . .     Faith    .   (helmet currently unavailable)
rPois    x         Spirit   .   k - +3 amulet of reflection
rElec    .         Reflect  +   (no ring)
rCorr    .         Harm     .   (no ring)
MR       .....                  (no ring)
Stlth    ++........             (no ring)
Regen    0.2/turn               (no ring)
MPRegen  0.2/turn               (no ring)
                                (no ring)
                                (no ring)

@: spider-form (expiring), very slightly contaminated
A: almost no armour, stealthy swim, (amphibious), 8 rings, (constrict 8)
a: End Transformation


You were on level 3 of the Dungeon.
You were not hungry.
You were a venomous arachnid creature.
You visited 1 branch of the dungeon, and saw 3 of its levels.

You collected 82 gold pieces.

Inventory:

Missiles
 a - 39 arrows
Jewellery
 k - a +3 amulet of reflection (around neck)
Scrolls
 d - a scroll of identify {unknown}
 e - a scroll of fear {unknown}
 g - 3 scrolls of enchant armour {unknown}
 i - 2 scrolls of remove curse {unknown}
 j - a scroll of enchant weapon {unknown}
 l - a scroll of random uselessness {unknown}
 m - a scroll of fog {unknown}
 n - a scroll of magic mapping {unknown}
 p - a scroll of recharging {unknown}
Potions
 h - a potion of invisibility {unknown}
 o - a potion of might
 q - a potion of magic {unknown}
Books
 b - a book of Changes

   Spells                             Type                      Level
   a - Beastly Appendage              Transmutation                1
   b - Sticks to Snakes               Transmutation                2
   c - Spider Form                    Transmutation/Poison         3
   d - Ice Form                       Ice/Transmutation            4
   e - Blade Hands                    Transmutation                5
Comestibles
 c - 2 bread rations
 f - a fruit
 r - a chunk of flesh


   Skills:
 - Level 1.0 Fighting
 - Level 2.0 Dodging
 + Level 4.4 Unarmed Combat
 - Level 2.0 Spellcasting
 - Level 4.1 Transmutations
 - Level 3.0 Poison Magic


You had 5 spell levels left.
You knew the following spells:

 Your Spells              Type           Power        Failure   Level  Hunger
a - Beastly Appendage     Tmut           ##....       13%         1    #......
b - Spider Form           Tmut/Pois      ##........   34%         3    ###....


Dungeon Overview and Level Annotations

Branches:
Dungeon (3/15)

Altars:


Innate Abilities, Weirdness & Mutations

You cannot wear most types of armour.
You are very stealthy in the water. (Stealth+)
((You are amphibious.))
You can wear up to eight rings at the same time.
((You can use your tentacles to constrict eight enemies at once.))
((Your skin changes colour to match your surroundings (Stealth+).))
((Your rubbery body absorbs attacks. (AC +1, EV +1)))


Message History

You block the kobold's attack. The kobold hits you.
The gnoll throws a throwing net.
The throwing net hits you.
You become entangled in the net!
Items here: ( ) [ † a throwing net; a war axe; a leather armour; an orc corpse You struggle against the net.
The kobold hits you. The gnoll closely misses you.
You struggle against the net.
Your transformation is almost over.
The kobold barely misses you.
The gnoll hits you from afar with a spear.
* * * LOW HITPOINT WARNING * * *
You struggle against the net.
The kobold hits you.
* * * LOW HITPOINT WARNING * * *
The gnoll hits you from afar with a spear.
* * * LOW HITPOINT WARNING * * *
You struggle against the net.
The kobold hits you but does no damage. The gnoll barely misses you.
You shred the net and break free! The kobold hits you.
You die...

##........# ...........
..........# .......##...
..............##(........(..
....................###.....
....o...#...................(
.............g..........#.....
.............g..........#....)
##......... #g..........##....
.............###sK.........##....
............(...................#
.......................#.........
.......##...#....................
.......##...#...........#######..
.......####.#...........# #..
.......####.#...........#########
................................
........###.#.####.....#########


You could see 3 gnolls and a kobold.

Vanquished Creatures
  A scorpion (D:3)
  An orc wizard (D:3)
  A worker ant (D:3)
  5 adders
  An ooze (D:2)
  A worm (D:2)
  2 dart slugs
  3 leopard geckos
  8 orcs
  A giant cockroach (D:1)
  4 goblins
  10 hobgoblins
  4 kobolds
  6 bats
  2 frilled lizards (D:1)
  A quokka skeleton (D:3)
  7 rats
58 creatures vanquished.

Notes
Turn   | Place    | Note
-------+----------+-------------------------------------------
     0 | D:1      | miragecloak the Octopode Transmuter began the quest for the Orb.
     0 | D:1      | Reached XP level 1. HP: 13/13 MP: 3/3
   326 | D:1      | Reached XP level 2. HP: 15/18 MP: 3/5
  1344 | D:2      | Reached XP level 3. HP: 23/23 MP: 3/6
  1480 | D:1      | Learned a level 3 spell: Spider Form
  1763 | D:2      | Reached skill level 1 in Poison Magic
  2128 | D:2      | Found a faded altar of an unknown god.
  2180 | D:2      | Reached XP level 4. HP: 22/28 MP: 4/7
  2326 | D:2      | Upgraded the game from 0.20-b1-2-gc5a9893 to 0.21-a0-13-g3fd62ac
  3392 | D:3      | Reached XP level 5. HP: 33/33 MP: 3/8
  3684 | D:3      | Reached XP level 6. HP: 21/38 MP: 2/9
  3690 | D:3      | Slain by a kobold

Vault maps used:
D:1:      minmay_arrival_checkered_box
D:2:      chequers_ecumenical_altar_simple
D:3:      first_bread

Skill      XL: |  1  2  3  4  5 |
---------------+----------------+-----
Transmutations | 3 4 |  4.1
Poison Magic   | 1 3 |  3.0
Unarmed Combat | 4 |  4.4
Fighting       | |  1.0
Dodging        | |  2.0
Spellcasting   | |  2.0

Action                   |  1- 3 |  4- 6 || total
-------------------------+-------+-------++-------
Melee: Unarmed           |    87 |    68 ||   155
       Constrict         |    16 |     2 ||    18
       Kick              |    12 |       ||    12
       Tentacles         |     8 |     3 ||    11
 Cast: Beastly Appendage |    21 |       ||    21
       Spider Form       |     6 |    16 ||    22
  Use: Potion            |     3 |       ||     3
 Stab: Sleeping          |     6 |     1 ||     7
  Eat: Chunk             |     5 |     6 ||    11
       Fruit             |       |     1 ||     1
Armor: Skin              |     7 |     6 ||    13
Dodge: Dodged            |    62 |   114 ||   176
Block: Other             |       |     9 ||     9
       Reflection        |       |     1 ||     1
